 Dungeon Crawl Stone Soup version 0.28-a0-828-g0121872642 (webtiles) character file.

Game seed: 15204142210568258561

53 cheechan the Bolt Thrower (level 3, -1/24 HPs)
             Began as an Octopode Hunter on Nov 10, 2021.
             Slain by a jackal (3 damage)
             ... on level 2 of the Dungeon.
             The game lasted 00:08:31 (1175 turns).

cheechan the Bolt Thrower (Octopode Hunter)         Turns: 1175, Time: 00:08:32

Health: -1/24      AC:  1    Str: 11    XL:     3   Next: 89%
Magic:  3/3        EV: 12    Int: 13    God:
Gold:   11         SH:  4    Dex: 13    Spells: 2/2 levels left

rFire   . . .      SeeInvis .   a - +1 hand crossbow
rCold   . . .      Faith    .   h - +1 buckler
rNeg    . . .      Spirit   .   (helmet restricted)
rPois   .          Reflect  .   (no amulet)
rElec   .          Harm     .   (no ring)
rCorr   .          Rampage  .   (no ring)
Will    .....                   (no ring)
Stlth   +++.......              (no ring)
HPRegen 0.08/turn               (no ring)
MPRegen 0.08/turn               (no ring)
                                (no ring)
                                (no ring)

@: lethally poisoned (-1 -> -2), hasted, very quick
A: almost no armour, amphibious, 8 rings, camouflage 1, gelatinous body 1,
(nimble swimmer 1), tentacles
a: no special abilities


You were on level 2 of the Dungeon.
You visited 1 branch of the dungeon, and saw 2 of its levels.

You collected 11 gold pieces.

Inventory:

Hand Weapons
 a - a +1 hand crossbow (weapon)
 b - a +0 short sword
Missiles
 c - 17 bolts (quivered ammo)
Armour
 h - a +1 buckler (worn)
Scrolls
 d - a scroll of identify


   Skills:
 + Level 2.2 Fighting
 + Level 5.2 Crossbows
 + Level 2.1 Dodging
 + Level 1.4 Stealth


You had 2 spell levels left.
You didn't know any spells.
Your spell library contained the following spells:

 Spells                   Type           Power      Damage    Failure   Level
 Magic Dart               Conj           0%         1d3       45%         1
 Searing Ray              Conj           0%         2d4       61%         2
 Fulminant Prism          Conj/Hex       0%         3d6       99%         4


Dungeon Overview and Level Annotations

Branches:
Dungeon (2/15)

Altars:

Shops:
D:1 [**!


Innate Abilities, Weirdness & Mutations

You cannot wear most types of armour.
You are amphibious.
You can wear up to eight rings at the same time.
Your skin changes colour to match your surroundings (Stealth+).
Your rubbery body absorbs attacks. (AC +1, EV +1)
((You are camouflaged near water. (Stealth+)))
You have tentacles for arms and can constrict up to eight enemies at once.


Message History

The adder poisons you! The jackal misses you. The jackal barely misses you.
The adder bites you. You block the jackal's attack.
The jackal closely misses you.
Unknown command.
Fire: 20 bolts
Press: ? - help, Shift-Dir - straight line, f/p - adder
Aim: an adder (almost dead, 50% to hit)
You shoot a bolt. The bolt hits the adder.
You kill the adder!
You feel very sick. The jackal bites you. The jackal barely misses you.
Fire: 19 bolts
Press: ? - help, Shift-Dir - straight line, f - jackal
Aim: a jackal (59% to hit)
You shoot a bolt. The bolt hits the jackal.
The jackal is moderately wounded.
You feel sick. The jackal closely misses you. The jackal bites you. x2
* * * LOW HITPOINT WARNING * * *
The jackal closely misses you. x2
Okay, then.
Fire: 18 bolts
Press: ? - help, Shift-Dir - straight line, f/p - jackal
Aim: a jackal (lightly wounded, 59% to hit)
You shoot a bolt.
The bolt hits the jackal but does no damage.
The jackal is lightly wounded.
You feel sick. The jackal closely misses you. You block the jackal's attack.
The jackal closely misses you. x2; The jackal barely misses you.
The jackal bites you.
* * * LOW HITPOINT WARNING * * *
A rat comes into view.
Unknown command.
* * * LOW HITPOINT WARNING * * *
You feel sick. You block the jackal's attack.
You feel yourself speed up.
* * * LOW HITPOINT WARNING * * *
You feel sick.
The jackal bites you but does no damage.
The jackal barely misses you. The jackal bites you.
You die...

#8...8........
...8.r.......
..........(.
(..........
#..(......
#.......
.#.....# #
#.#..hh# .#
#.#.h@##.###
#.#.......#
##.#..###.#
######.#.# #..#
##..# #..#
#...# #.#
#..###..####.##
#.#
#.............#
#.#
#.###..#####..#


You could see 3 jackals and a rat (wandering).

Vanquished Creatures
  2 adders (D:2)
  3 dart slugs (D:1)
  2 endoplasms
  A giant cockroach (D:1)
  3 goblins (D:1)
  2 hobgoblins (D:1)
  A jackal (D:2)
  2 quokkas (D:1)
  3 ball pythons (D:1)
  3 bats
  3 kobolds (D:1)
  5 rats
30 creatures vanquished.

Notes
Turn   | Place    | Note
-------+----------+-------------------------------------------
     0 | D:1      | cheechan the Octopode Hunter began the quest for the Orb.
     0 | D:1      | Reached XP level 1. HP: 14/14 MP: 1/1
   301 | D:1      | Reached XP level 2. HP: 19/19 MP: 2/2
   357 | D:1      | Found Luricorghuov's Distillery.
   567 | D:1      | Found Emmohew's Assorted Antiques.
   765 | D:1      | Found Asas's Book Shop.
   766 | D:1      | Found Nongescho's Antique Armour Shoppe.
   768 | D:1      | Found Nekkur's General Store.
   893 | D:1      | Reached XP level 3. HP: 24/24 MP: 3/3
   903 | D:1      | Found a faded altar of an unknown god.
  1129 | D:2      | Reached skill level 5 in Crossbows
  1175 | D:2      | Slain by a jackal

Illustrated notes

Levels and vault maps discovered:
D:1:      dpeg_arrival_water_fire, layout_loops_ring, serial_shops, shop,
          nicolae_shop_overgrown_old_shop, shop, nicolae_shop_waterfront, shop,
          hellmonk_ecumenical_altar_blasted
D:2:      wad_pebble_path, layout_loops_ring, basic_altar,
          ebering_dispersal_statue_hall

Skill      XL: |  1  2  3 |
---------------+----------+-----
Crossbows      | 5 |  5.2
Fighting       | |  2.2
Dodging        | |  2.1
Stealth        | |  1.4

Action                   || total
-------------------------++-------
 Fire: Hand crossbow     ||    57
  Use: Scroll            ||     3
       Potion            ||     1
Armor: Skin              ||     2
Dodge: Dodged            ||    25
Block: Buckler           ||     3

Table legend: (Time is in decaauts)
 A = Elapsed time spent in this place.
 B = Non-inter-level travel time spent in this place.
 C = Inter-level travel time spent in this place.
 D = Time resting spent in this place.
 E = Time spent auto-exploring this place.
 F = Levels seen in this place.
 G = Mean time per level.
                   A        B        C        D        E       F      G
               +--------+--------+--------+--------+--------+-----+--------+
         Total |   1191 |   1191 |      0 |      0 |      0 |   2 |  595.5 |
       Dungeon |   1191 |   1191 |      0 |      0 |      0 |   2 |  595.5 |
               +--------+--------+--------+--------+--------+-----+--------+

Top non-repeatable levels by time:
     D:1: 1095 daAuts
     D:2: 96 daAuts
